 Dungeon Crawl Stone Soup version 0.27-a0-1325-g58a489a (webtiles) character file.

Game seed: 10834825000467622886

200 Illumine the Ruffian (level 5, -8/45 HPs)
             Began as a Minotaur Monk on June 23, 2021.
             Mangled by a kobold brigand (10 damage)
             ... in a sewer.
             The game lasted 00:04:13 (3344 turns).

Illumine the Ruffian (Minotaur Monk)                Turns: 3344, Time: 00:04:14

Health: -8/45      AC:  2    Str: 15 (16) XL:     5   Next: 49%
Magic:  4/4        EV: 13    Int:  5 (7)  God:
Gold:   89         SH:  0    Dex: 12 (13) Spells: 4/4 levels left

rFire    . . .     SeeInvis .     - Unarmed
rCold    . . .     Faith    .   (no shield)
rNeg     . . .     Spirit   .   a - +0 robe
rPois    .         Reflect  .   (helmet restricted)
rElec    .         Harm     .   (no cloak)
rCorr    .         Rampage  .   (no gloves)
Will     .....                  (no boots)
Stlth    ++........             (no amulet)
HPRegen  0.15/turn              (no ring)
MPRegen  0.09/turn              (no ring)

@: lethally poisoned (-8 -> -31)
A: horns 2, retaliatory headbutt
a: no special abilities


You were in a sewer.
You visited 1 branch of the dungeon, and saw 4 of its levels.
You also visited: Sewer.

You collected 89 gold pieces.

Inventory:

Missiles
 e - 2 silver boomerangs (quivered)
 g - 104 stones
Armour
 a - a +0 robe (worn)
Scrolls
 d - 2 scrolls of identify {unknown}
 f - a scroll of brand weapon {unknown}
 h - 5 scrolls of magic mapping {unknown}
 i - a scroll of holy word {unknown}
 n - a scroll of acquirement {unknown}
 o - a scroll of enchant armour {unknown}
Potions
 c - a potion of heal wounds {unknown}
 j - a potion of curing {unknown}
 k - a potion of mutation {unknown}
 l - a potion of lignification {unknown}
 m - a potion of magic {unknown}


   Skills:
 + Level 3.6 Fighting
 + Level 4.5 Dodging
 - Level 1.5 Stealth
 * Level 6.1 Unarmed Combat


You had 4 spell levels left.
You didn't know any spells.
Your spell library was empty.

Dungeon Overview and Level Annotations

Branches:
Dungeon (4/15)              Sewer (1/1)
 Temple: D:4-7

Altars:
Cheibriados
Uskayaw

Shops:
D:1 (


Innate Abilities, Weirdness & Mutations

You have a pair of horns on your head.
You reflexively headbutt those who attack you in melee.


Message History

The kobold brigand is heavily wounded.
The kobold brigand misses you. The kobold hits you but does no damage.
You hit the kobold brigand.
The kobold brigand is heavily wounded.
The kobold brigand closely misses you. The kobold barely misses you.
You closely miss the kobold brigand. You headbutt the kobold brigand!
The kobold brigand is almost dead.
The kobold brigand barely misses you.
You completely miss the kobold brigand.
The kobold brigand is almost dead.
The kobold brigand hits you with a +0 short sword.
You hit the kobold brigand but do no damage.
The kobold brigand is almost dead.
The kobold hits you with a +0 club. The kobold brigand misses you.
You barely miss the kobold brigand.
The kobold brigand is almost dead.
The kobold throws a poisoned dart.
The poisoned dart hits you!
You are poisoned.
The kobold misses you.
The kobold brigand hits you with a +0 short sword!
* * * LOW HITPOINT WARNING * * *
You completely miss the kobold brigand.
You headbutt the kobold brigand, but do no damage.
The kobold brigand is almost dead.
* * * LOW HITPOINT WARNING * * *
You feel very sick.
The kobold throws a poisoned dart.
The poisoned dart hits you!
You are more poisoned.
The kobold splashes around in the water.
The kobold brigand splashes around in the water.
It was a potion of degeneration.
There was something very wrong with that liquid.
You feel weakened.
You feel dopey.
You feel clumsy.
* * * LOW HITPOINT WARNING * * *
You feel very sick.
The kobold throws a poisoned dart.
The poisoned dart hits you!
You are more poisoned.
The kobold hits you but does no damage.
The kobold brigand hits you with a +0 short sword!
You die...

####.#### #.≈.....#
#≈≈≈≈≈≈.# #≈≈≈≈≈≈≈#
#.≈≈≈≈K≈# #≈≈≈≈≈≈.#
#≈≈≈≈≈≈.# #K≈≈≈≈≈.#
################@K≈≈≈..#
≈≈≈≈≈≈≈≈≈≈≈≈≈≈≈≈≈≈≈≈≈≈.#
################≈≈≈≈≈≈.#
##.≈≈≈≈## #.≈≈≈.#
#.≈≈≈.### #.≈≈≈..∩#
#.≈≈≈.### #.≈≈≈.#


You could see a kobold brigand and 2 kobolds.

Vanquished Creatures
  An orc priest (D:4)
  Jessica (D:3)
  3 gnolls (D:3)
  4 adders
  4 worms
  2 dart slugs
  4 orcs (D:3)
  4 ball pythons
  4 endoplasms
  7 giant cockroaches
  3 goblins
  4 hobgoblins
  3 jackals
  2 quokkas
  6 bats
  A frilled lizard (D:2)
  5 kobolds
  7 rats
65 creatures vanquished.

Notes
Turn   | Place    | Note
-------+----------+-------------------------------------------
     0 | D:1      | Illumine the Minotaur Monk began the quest for the Orb.
     0 | D:1      | Reached XP level 1. HP: 19/19 MP: 0/0
   343 | D:1      | Found Hearuxys's Antique Weapon Shoppe.
   364 | D:1      | Reached skill level 4 in Unarmed Combat
   364 | D:1      | Reached XP level 2. HP: 26/26 MP: 1/1
   398 | D:1      | Found a faded altar of an unknown god.
   870 | D:2      | Reached XP level 3. HP: 17/31 MP: 2/2
  1709 | D:3      | Noticed Jessica
  1717 | D:3      | Killed Jessica
  1718 | D:3      | Reached skill level 5 in Unarmed Combat
  1718 | D:3      | Reached XP level 4. HP: 25/39 MP: 3/3
  2141 | D:3      | Found a hide-covered altar of Uskayaw.
  2388 | D:3      | Reached XP level 5. HP: 37/45 MP: 4/4
  2782 | D:3      | Found a snail-covered altar of Cheibriados.
  3070 | D:4      | Reached skill level 6 in Unarmed Combat
  3171 | D:4      | Found a glowing drain.
  3214 | Sewer    | Entered a sewer
  3344 | Sewer    | HP: 2/45 [poisoned by a kobold]
  3344 | Sewer    | Mangled by a kobold brigand

Illustrated notes

Levels and vault maps discovered:
D:1:      tarquinn_simple_flora_water_b, layout_rooms, serial_shops,
          nicolae_square_shop, hellmonk_ecumenical_altar_arch_garden
D:2:      layout_basic, kennysheep_cluttered_room, minmay_cut_off
D:3:      layout_basic, lemuel_doored_altar, kennysheep_slug_shrine,
          minmay_crystal_water, minmay_misc_feat_chi, uniq_jessica
D:4:      corexii_shack_village, layout_basic, nicolae_overflow_crystal_walls,
          cheibrodos_ashenzari_chains, cheibrodos_sewer_entry_bend
Sewer:    sewer_kobolds

Skill      XL: |  1  2  3  4  5 |
---------------+----------------+-----
Unarmed Combat | 4 5 6 |  6.1
Dodging        | 4 |  4.5
Fighting       | |  3.6
Stealth        | |  1.5

Action                   |  1- 3 |  4- 6 || total
-------------------------+-------+-------++-------
Melee: Unarmed           |    81 |    93 ||   174
       Headbutt          |    15 |    16 ||    31
       Punch             |     1 |     2 ||     3
  Use: Potion            |       |     1 ||     1
 Stab: Sleeping          |     6 |     3 ||     9
Armor: Robe              |    10 |    11 ||    21
Dodge: Dodged            |    60 |    50 ||   110

Table legend: (Time is in decaauts)
 A = Elapsed time spent in this place.
 B = Non-inter-level travel time spent in this place.
 C = Inter-level travel time spent in this place.
 D = Time resting spent in this place.
 E = Time spent auto-exploring this place.
 F = Levels seen in this place.
 G = Mean time per level.
                   A        B        C        D        E       F      G
               +--------+--------+--------+--------+--------+-----+--------+
         Total |   3361 |   3319 |     42 |    714 |   2091 |   5 |  672.2 |
       Dungeon |   3217 |   3175 |     42 |    714 |   1991 |   4 |  804.2 |
         Sewer |    144 |    144 |      0 |      0 |    100 |   1 |  144.0 |
               +--------+--------+--------+--------+--------+-----+--------+

Top non-repeatable levels by time:
     D:3: 1182 daAuts
     D:2: 1005 daAuts
     D:1: 861 daAuts
     D:4: 167 daAuts
   Sewer: 144 daAuts
